 Dungeon Crawl Stone Soup version 0.19-a0-1225-gf887c1c (webtiles) character file.

42 glosham the Sneak (level 3, 0/29 HPs)
             Began as a Merfolk Abyssal Knight on Aug 25, 2016.
             Was a Follower of Lugonu.
             Slain by a black bear (5 damage)
             ... on level 7 of the Dungeon.
             The game lasted 00:08:28 (409 turns).

glosham the Sneak (Merfolk Abyssal Knight)           Turns: 409, Time: 00:08:29

Health: 0/29       AC:  3    Str: 13    XL:     3   Next: 54%
Magic:  4/4        EV: 12    Int: 11    God:    Lugonu [*.....]
Gold:   22         SH:  0    Dex: 13    Spells: 0 memorised, 2 levels left

rFire  . . .     SeeInvis .     a - +1 spear
rCold  . . .     Gourm    .     g - +0 leather armour
rNeg   . . .     Faith    .     (no shield)
rPois  .         Spirit   .     (no helmet)
rElec  .         Dismiss  .     (no cloak)
rCorr  .         Reflect  .     (no gloves)
MR     .....     Harm     .     (no boots)
Stlth  ++........               (no amulet)
                                (no ring)
                                (no ring)

@: no status effects
A: change form in water, swift swim
a: Depart the Abyss, Renounce Religion


You were on level 7 of the Dungeon.
You worshipped Lugonu.
Lugonu was aware of your devotion.
You were not hungry.

You visited 1 branch of the dungeon, and saw 6 of its levels.
You visited the Abyss 1 time.

You collected 22 gold pieces.

Inventory:

Hand Weapons
 a - a +1 spear (weapon)
 b - a +0 morningstar
Armour
 g - a +0 leather armour (worn)
Scrolls
 f - 2 scrolls of remove curse
Potions
 d - a potion of curing
Books
 e - a book of the Warp

   Spells                             Type                      Level
   a - Gell's Gravitas                Hexes/Translocation          3
   b - Force Lance                    Conjuration/Translocation    4
   c - Summon Forest                  Summoning/Translocation      5
   d - Dispersal                      Translocation                6
   e - Controlled Blink               Translocation                8
   f - Disjunction                    Translocation                8
Comestibles
 c - a bread ration


   Skills:
 - Level 3.2 Fighting
 - Level 3.0 Polearms
 - Level 0.6 Armour
 - Level 2.6 Dodging
 + Level 3.6 Stealth
 - Level 2.0 Invocations


You had 2 spell levels left.
You didn't know any spells.

Dungeon Overview and Level Annotations

Branches:
Dungeon (5/15)
 Temple: D:4-7

Altars:

Shops:
D:7 *


Message History

a - a +1 spear (weapon)
You see here a robe.
There is an open door, spattered with blood here.
You see here a dagger.
Found a stone staircase leading up.
There is a shaft here.
You fall through a shaft for 2 floors!
The shaft crumbles and collapses.
Found a dagger.
A black bear comes into view.
Found a scroll of remove curse.
Adjust (i)tems, (s)pells, or (a)bilities?
Adjust which ability?
No such ability.
Found Zunad's Assorted Antiques.
Found a scroll labeled UTIGYAN AHADU.
An adder and a slave come into view.
The black bear barely misses you.
The black bear claws you but does no damage.
The black bear closely misses you.
You hit the black bear.
The black bear is lightly wounded.
The black bear barely misses you. The black bear claws you.
The black bear completely misses you.
You hit the black bear but do no damage.
The black bear is lightly wounded.
The black bear bites you. The black bear claws you.
* * * LOW HITPOINT WARNING * * *
The black bear claws you.
* * * LOW HITPOINT WARNING * * *
You feel better. The black bear bites you.
The black bear claws you but does no damage.
The black bear barely misses you.
You closely miss the black bear.
The black bear is lightly wounded.
The black bear bites you but does no damage.
The black bear claws you.
* * * LOW HITPOINT WARNING * * *
The black bear claws you.
You die...

### #.# #.# ########### #.#
#.........# #.# #.........#
#.# ##.........####.##
###### . ..?.......h@....#
#....# S. #.PPP.#.###....#
##....#
...#..∩P?....#....####.....#
.....PPP.................)##
.#.........#.....########
..##........##....#
.............##...##
....................
.....#.######........


You could see a black bear.

Vanquished Creatures
  A hound (D:4)
  A giant gecko (D:3)
  A ball python (D:4)
  A giant cockroach (D:3)
  2 kobolds
  A giant newt (D:1)
  2 goblins
  2 rats (D:1)
11 creatures vanquished.

Notes
Turn   | Place    | Note
-------+----------+-------------------------------------------
     0 | Abyss:1  | glosham the Merfolk Abyssal Knight began the quest for the Orb.
     0 | Abyss:1  | Reached XP level 1. HP: 18/18 MP: 2/2
   119 | Abyss:4  | Noticed a killer bee
   119 | Abyss:4  | Noticed a green very ugly thing
   119 | Abyss:4  | Noticed a meliai
   119 | Abyss:4  | Noticed a wretched star
   119 | Abyss:4  | Noticed a meliai
   119 | Abyss:4  | Noticed a killer bee
   120 | D:1      | Escaped the Abyss
   140 | D:1      | Reached skill level 1 in Stealth
   160 | D:1      | Reached * piety under Lugonu
   210 | D:3      | Reached skill level 2 in Stealth
   210 | D:3      | Reached XP level 2. HP: 17/24 MP: 3/3
   327 | D:4      | Reached skill level 3 in Stealth
   327 | D:4      | Reached XP level 3. HP: 3/29 MP: 4/4
   338 | D:5      | Entered Level 5 of the Dungeon
   356 | D:5      | You fall through a shaft for 2 floors!
   370 | D:7      | Noticed a black bear
   374 | D:7      | Found Zunad's Assorted Antiques.
   380 | D:7      | Noticed a slave
   407 | D:7      | HP: 2/29 [black bear (2)]
   409 | D:7      | Slain by a black bear

Vault maps used:
D:1:      erik_arrival_gehennom, minivault_23, hangedman_decor_points
D:2:      overflow_temple_1_default, lemuel_doored_altar, serial_forest,
          infiniplex_forest_clump_large, infiniplex_forest_zigzag_1,
          infiniplex_forest_lined_2, infiniplex_forest_end_3,
          infiniplex_forest_lined_room_2, infiniplex_forest_lined_room_3,
          infiniplex_forest_split
D:3:      minmay_misc_feat_iff
D:4:      kennysheep_little_box, minitemple, kiku_gazebo_garden_becter,
          first_bread, nicolae_underground_beach
D:5:      corexii_shantytown, uniq_prince_ribbit1, uniq_blork_the_orc,
          uniq_menkaure
D:7:      serial_shops, nicolae_shop_overgrown_old_shop, uniq_pikel
Abyss:1:  abyss_greek_temple
Abyss:2:  minivault_22
Abyss:3:  hangedman_cross_veins, evilmike_abyss_rune_tso_outpost,
          hangedman_abyss_or_decor_slice
Abyss:4:  hangedman_decor_riveting, grunt_abyss_rune_wretched_hive

Skill      XL: |  1  2 |
---------------+-------+-----
Stealth        | 2 3 |  3.6
Fighting       | |  3.2
Polearms       | |  3.0
Armour         | |  0.6
Dodging        | |  2.6
Invocations    | |  2.0

Action                   || total
-------------------------++-------
Melee: Spear             ||    41
Invok: Depart the Abyss  ||     1
  Use: Scroll            ||     3
       Potion            ||     1
 Stab: Sleeping          ||     1
Armor: Leather armour    ||    10
Dodge: Dodged            ||    16

Table legend:
 A = Turns spent in this place as a percentage of turns spent in the entire game.
 B = Non-inter-level travel turns spent in this place as a percentage of non-inter-level travel turns spent in the entire game.
 C = Inter-level travel turns spent in this place as a percentage of turns spent in this place.
 D = Turns resting spent in this place as a percentage of non-inter-level travel turns spent in this place.
 E = Turns spent auto-exploring this place as a percentage of non-inter-level travel turns spent in this place.
 F = Non-inter-level travel turns spent in this place divided by the number of levels of this place that you've seen.
                   A       B       C       D       E      F
               +-------+-------+-------+-------+-------+----------------------
         Total | 100.0 | 100.0 |   0.0 |   0.5 |   0.0 |  38.3
       Dungeon |  70.8 |  70.8 |   0.0 |   0.0 |   0.0 |  45.2
         Abyss |  29.2 |  29.2 |   0.0 |   1.8 |   0.0 |  28.0
               +-------+-------+-------+-------+-------+----------------------

Table legend:
 A = Kills in this place as a percentage of kills in entire the game.
 B = Kills by you in this place as a percentage of kills by you in the entire game.
 C = Kills by friends in this place as a percentage of kills by friends in the entire game.
 D = Other kills in this place as a percentage of other kills in the entire game.
 E = Experience gained in this place as a percentage of experience gained in the entire game.
 F = Experience gained in this place divided by the number of levels of this place that you have seen.
                   A       B       C       D       E      F
               +-------+-------+-------+-------+-------+----------------------
         Total | 100.0 | 100.0 |  -nan |  -nan | 100.0 |   6.0
       Dungeon | 100.0 | 100.0 |  -nan |  -nan | 100.0 |  10.0
               +-------+-------+-------+-------+-------+----------------------

Vault maps used:
D:1:      erik_arrival_gehennom, minivault_23, hangedman_decor_points
D:2:      overflow_temple_1_default, lemuel_doored_altar, serial_forest,
          infiniplex_forest_clump_large, infiniplex_forest_zigzag_1,
          infiniplex_forest_lined_2, infiniplex_forest_end_3,
          infiniplex_forest_lined_room_2, infiniplex_forest_lined_room_3,
          infiniplex_forest_split
D:3:      minmay_misc_feat_iff
D:4:      kennysheep_little_box, minitemple, kiku_gazebo_garden_becter,
          first_bread, nicolae_underground_beach
D:5:      corexii_shantytown, uniq_prince_ribbit1, uniq_blork_the_orc,
          uniq_menkaure
D:7:      serial_shops, nicolae_shop_overgrown_old_shop, uniq_pikel
Abyss:1:  abyss_greek_temple
Abyss:2:  minivault_22
Abyss:3:  hangedman_cross_veins, evilmike_abyss_rune_tso_outpost,
          hangedman_abyss_or_decor_slice
Abyss:4:  hangedman_decor_riveting, grunt_abyss_rune_wretched_hive
